Cogmind - Beta 16.1 @@@ ROGUE MODE // 2026.04.29 @ 10:19:08 Player: shapeshifter Result: Heading to fleet! Performance ------------- Evolutions (9) 4500 Regions Visited (21) 4200 Robots Destroyed (389) 1945 Value Destroyed (19916) 19916 Prototype IDs (49) 980 Alien Tech Used (5) 1000 Bonus (17535) 17535 TOTAL SCORE: 50076 Bonus ------- Triggered High Security 1000 High Alert Combat Kills 6490 Follower Combat Kills 2104 Network Hubs Disabled 600 Met Warlord at Base 500 MAIN.C Attacked Warlord 500 Warlord Defense Kills 1580 Built Enhanced Grunts 300 A7 Reached Mainframe 300 Met R17 at Cetus 500 Used Core Reset Matrix 3000 Met Warlord at Research 2000 Scanned by Researcher 500 Win 3000 Friendly Fire -4839 Cogmind --------- Core Integrity 686/1600 Matter 266/300 Energy 516/700 System Corruption 0% Temperature Cool (3) Movement Flying (32) Location To Fleet Rendezvous Parts ------- > --- POWER (3) -------- (None) > --- PROPULSION (6) --- Flying FPA-QT Exoskeleton Diametric Drive Diametric Drive > --- UTILITY (12) ----- Scrap Engine Large Storage Unit Experimental Energy Well Spectral Analyzer Advanced Signal Interpreter Experimental Core Analyzer Graphene Brace > --- WEAPON (4) ------- (None) > --- INVENTORY (15) --- Advanced Energy Well (500) Experimental Matter Compressor (500) Advanced Point Defense System Dimensional Node Initializer Transdimensional Reconstructor Subatomic Replicator Potential Cannon Core Cannon Peak State ------------ > --- POWER ------------ Multi-Quantum Reactor > --- PROPULSION ------- Flying FPA-QT Exoskeleton > --- UTILITY ---------- Armored Scrap Engine Experimental Cooling System Large Storage Unit Experimental Energy Well Spectral Analyzer Experimental Targeting Computer Experimental Core Analyzer Experimental Transmission Jammer Experimental Reaction Control System Graphene Brace AEGIS Remote Shield > --- WEAPON ----------- Core Cannon Hpw. Kinetic HMG Construct/C > --- INVENTORY -------- Advanced Energy Well Experimental Energy Well Experimental Matter Compressor Graphene Brace Advanced Point Defense System Dimensional Node Initializer Transdimensional Reconstructor Transdimensional Reconstructor Core Reset Matrix Subatomic Replicator Potential Cannon Potential Cannon [Rating: 228] Favorites ----------- Power Constructs Engine Light Ion Engine Power Core Light Nuclear Core Reactor Constructs Propulsion Constructs Treads Light Treads Wheel Armored Huge Wheel Flight Unit Constructs Utility Armored Scrap Engine Device Armored Scrap Engine Storage Large Storage Unit Processor Enhanced Optical Array Hackware Hacking Suite Protection Light Armor Plating Weapon Constructs Energy Gun Spread Laser Energy Cannon Constructs Ballistic Gun Autogun Ballistic Cannon Hypervelocity Gauss Cannon Launcher Rocket Array Special Weapon Improved Remote Datajack Slashing Weapon Sigix Broadsword Piercing Weapon Plasma Lance Build | -11 -10 -10 -8 -7 -7 -7 -5 -5 -5 -5 -4 -4 -4 -4 -4 -4 -3 -3 -2 -2 -1 ------- Run | Yrd Mat Sub Mat Fac Sto Rec Fac Upp Upp War Pro Fac Ext Cet Arc Hub Res Qua Res Tes Acc Slots Evolved 18 | . . . 4 2 . . 4 . . . . 2 . . . . 2 . 2 . 2 Power 2 | . . . . 1 . . . . . . . . . . . . 1 . . . . Propulsion 4 | . . . 1 1 . . 1 . . . . 1 . . . . . . . . . Utility 10 | . . . 2 . . . 2 . . . . 1 . . . . 1 . 2 . 2 Weapon 2 | . . . 1 . . . 1 . . . . . . . . . . . . . . Parts Attached 149 | 7 6 6 24 3 3 2 12 . . 11 . 4 1 3 1 6 10 9 17 16 8 Power 12 | 1 1 . 2 1 . . . . . . . . . . . . 1 1 3 2 . Engine 4 | 1 1 . 1 1 . . . . . . . . . . . . . . . . . Core 2 | . . . 1 . . . . . . . . . . . . . . . 1 . . Reactor 6 | . . . . . . . . . . . . . . . . . 1 1 2 2 . Propulsion 13 | 2 . 1 6 1 . . . . . . . . . . . . 1 . . . 2 Treads 7 | 2 . . 5 . . . . . . . . . . . . . . . . . . Leg . | . . . . . . . . . . . . . . . . . . . . . . Wheel 3 | . . 1 1 1 . . . . . . . . . . . . . . . . . Hover . | . . . . . . . . . . . . . . . . . . . . . . Flight 3 | . . . . . . . . . . . . . . . . . 1 . . . 2 Utility 73 | 2 3 2 5 . 1 1 8 . . 6 . 2 1 2 1 4 4 5 10 10 6 Device 38 | 1 . 1 . . . 1 5 . . 5 . 2 . . 1 . 3 4 5 6 4 Storage 10 | 1 2 . 1 . . . . . . . . . 1 . . . . 1 . 3 1 Processor 11 | . . . 1 . . . 1 . . 1 . . . 1 . . 1 . 4 1 1 Hackware 7 | . . . . . 1 . 2 . . . . . . . . 3 . . 1 . . Protection 7 | . 1 1 3 . . . . . . . . . . 1 . 1 . . . . . Artifact . | . . . . . . . . . . . . . . . . . . . . . . Weapon 51 | 2 2 3 11 1 2 1 4 . . 5 . 2 . 1 . 2 4 3 4 4 . Energy Gun 8 | . . 1 3 . . . 1 . . 1 . . . 1 . . . 1 . . . Energy Cannon 7 | . . . . . . . 1 . . 1 . 1 . . . . . 1 . 3 . Ballistic Gun 15 | 2 1 2 7 . . . . . . 1 . . . . . . . . 2 . . Ballistic Cannon 3 | . . . . . . . 1 . . . . . . . . . 2 . . . . Launcher 8 | . . . 1 1 2 1 . . . . . . . . . 1 1 . . 1 . Special Weapon 6 | . . . . . . . 1 . . 2 . 1 . . . 1 . . 1 . . Impact Weapon . | . . . . . . . . . . . . . . . . . . . . . . Slashing Weapon 3 | . 1 . . . . . . . . . . . . . . . 1 1 . . . Piercing Weapon 1 | . . . . . . . . . . . . . . . . . . . 1 . . Special Melee Weapon . | . . . . . . . . . . . . . . . . . . . . . . Unidentified Prototypes 49 | . . . 2 . 2 1 2 . . 7 . . 1 2 . 1 4 6 9 10 2 Parts Lost 65 | . . 6 7 . 1 2 1 . . . . . . . . 6 4 5 6 7 20 Power 13 | . . 2 . . . 1 . . . . . . . . . 1 1 1 2 2 3 Propulsion 8 | . . 2 . . . . . . . . . . . . . 1 . . . . 5 Utility 24 | . . 1 3 . 1 . 1 . . . . . . . . 1 2 1 2 2 10 Weapon 20 | . . 1 4 . . 1 . . . . . . . . . 3 1 3 2 3 2 Highest Loss Streak 8 | . . 5 3 . 1 2 1 . . . . . . . . 3 3 2 5 4 8 To Critical Strikes . | . . . . . . . . . . . . . . . . . . . . . . Average Backups 13 | 3 9 19 19 24 24 17 14 14 14 14 13 13 13 13 13 12 6 8 8 9 10 Power . | . 1 . 2 3 3 1 . . . . . . . . . . . . . . . Propulsion 1 | . 1 4 6 10 10 5 . . . . . . . . . . . . . . . Utility 6 | . 4 4 5 8 7 8 13 13 13 12 9 9 9 10 10 9 5 5 2 3 4 Weapon 2 | 1 3 9 3 3 3 3 1 1 . 1 4 3 3 3 3 2 . . 1 1 2 Tool/Special . | . . . . . . . . . . . . . . . . . . . . . . Unused Backups 55 | . 4 . 5 . 3 16 4 1 . 8 . 2 1 2 1 . 1 2 . . 5 Power 3 | . . . . . . 3 . . . . . . . . . . . . . . . Propulsion 11 | . 1 . . . . 10 . . . . . . . . . . . . . . . Utility 24 | . 3 . . . 3 1 2 . . 7 . 1 1 1 1 . 1 2 . . 1 Weapon 12 | . . . 5 . . 2 1 1 . . . 1 . 1 . . . . . . 1 Tool/Special 5 | . . . . . . . 1 . . 1 . . . . . . . . . . 3 Average Slot Usage (%) 64 | . 100 96 92 87 91 60 53 47 47 47 47 48 51 50 49 47 44 51 52 55 54 Engine 3 | . 14 12 3 10 15 7 2 . . . . . . . . . . . 1 . . Core 1 | . . . 3 . . . . . . . . 1 5 3 5 3 . 1 . . . Reactor 1 | . . . . . . . 1 5 5 5 5 3 . 1 . 1 3 2 4 5 3 Treads 7 | . 28 25 18 19 15 6 . . . . . 1 2 . . . . . . . . Wheel 1 | . . 1 5 3 7 2 . . . . . . . . . . . . . . . Hover 1 | . . . . . . 1 4 5 5 4 . 1 1 . . . . 2 . 1 1 Device 14 | . 10 13 9 7 . 4 13 17 17 16 17 20 20 15 19 12 13 20 19 18 21 Storage 6 | . 14 14 9 7 7 7 5 5 5 5 5 5 5 5 5 5 2 3 4 5 7 Processor 5 | . . . 8 7 7 2 1 5 5 5 5 5 5 9 5 5 7 5 8 13 12 Hackware 1 | . . . . . 5 7 6 . . . . . . . . 7 4 2 1 . . Protection 1 | . 3 . 8 7 7 2 . . . . . . . . . . 1 . . . . Energy Cannon 1 | . . . . . . . 2 5 4 2 5 1 5 1 . 3 . 2 2 3 5 Ballistic Gun 8 | . 27 25 23 22 22 8 . . . . . . . . . . . . 3 . . Ballistic Cannon 1 | . . . . . . 1 4 . . 2 . 3 . 3 5 1 1 1 . 1 . Peak Build Rating 228 | 7 9 11 32 43 48 63 95 95 95 146 139 144 140 141 145 147 134 160 182 211 228 Average Rating 93 | 5 7 10 26 37 44 49 83 91 87 95 137 140 139 136 135 132 111 140 146 178 193 On Entrance 91 | . 7 9 8 32 43 46 61 95 91 81 139 137 140 140 139 130 98 123 104 176 209 Avg Prop Armor Cover (%) 14 | . . . 12 13 13 13 . . . . . . . . . . 34 . . . . Naked Turns . | . . . . . . . . . . . . . . . . . . . . . . Heaviest Build 155 | 13 89 88 102 112 115 111 67 56 54 95 83 92 92 106 103 102 77 78 84 155 121 Greatest Support 293 | 40 40 40 62 62 28 68 73 73 73 73 73 163 52 52 62 133 122 122 293 293 177 Greatest Overweight (x) 6 | . 2 4 6 3 4 3 1 . . 1 1 1 1 2 1 1 . 1 1 1 . Average Overweight (x) . | . . 2 2 2 3 1 . . . . . . 1 1 1 . . . . . . Largest Inventory Capacity 25 | 8 25 25 25 25 25 25 15 15 15 15 15 15 15 15 15 15 15 10 10 15 15 Average Capacity 15 | 7 13 25 20 25 25 19 15 15 15 15 15 15 15 15 15 15 11 9 10 10 15 Most Carried 25 | 6 19 20 25 25 25 25 15 15 15 15 15 15 15 15 15 15 10 10 10 15 15 Average Carried 14 | 3 10 19 19 24 24 17 14 14 14 14 14 14 14 14 14 13 7 8 9 10 12 Final Capacity 25 | 8 25 25 25 25 25 15 15 15 15 15 15 15 15 15 15 15 5 10 10 15 15 Final Carried 25 | 4 19 17 25 25 25 14 15 14 15 15 15 15 15 15 15 10 5 10 10 15 13 Scrap Engine Consumption 399 | . . . . . . 59 30 2 6 19 . 18 10 17 18 15 16 34 90 48 17 Constructs Created 11 | . . . . . . 3 . . . . . . . . . . 2 1 3 2 . Constructs Modified 173 | . . . . . . 23 13 1 3 9 1 10 3 9 5 11 5 16 37 17 10 Class Distribution -------------------- 30% | Mutant 24% | Construct 17% | Commander-Construct 8% | Gunner 4% | Scavenger-Construct Dominant Class ---------------- Mutant | -10/Materials Mutant | -10/Subcaves Gunner | -8/Materials Gunner | -7/Factory Gunner | -7/Storage Commander-Construct | -7/Recycling Commander-Construct | -5/Factory Construct | -5/Upper Caves Construct | -5/Upper Caves Construct | -5/Warlord Construct | -4/Proximity Caves Construct | -4/Factory Commander-Construct | -4/Extension Commander-Construct | -4/Cetus Commander-Construct | -4/Archives Commander-Construct | -4/Hub_04(d) Mutant | -3/Research Mutant | -3/Quarantine Mutant | -2/Research Scavenger-Construct | -2/Testing Construct | -1/Access Resources | -11 -10 -10 -8 -7 -7 -7 -5 -5 -5 -5 -4 -4 -4 -4 -4 -4 -3 -3 -2 -2 -1 ----------- Run | Yrd Mat Sub Mat Fac Sto Rec Fac Upp Upp War Pro Fac Ext Cet Arc Hub Res Qua Res Tes Acc Matter Collected 9634 | 207 294 230 1004 . 413 442 368 28 143 242 88 520 1115 1054 794 587 140 898 494 468 105 Remotely . | . . . . . . . . . . . . . . . . . . . . . . Salvage Created 13940 | 149 435 141 1435 . 440 180 493 80 260 377 315 673 1753 118 312 1676 357 919 390 1551 1886 Parts 590 | 7 44 7 70 . 18 16 34 2 8 13 17 21 22 6 30 53 27 27 19 61 88 Haulers Intercepted 5 | . . . 2 . 1 . . . . . . . . . . 1 . . . 1 . Recyclers Shooed 6 | 1 1 . . . 1 1 2 . . . . . . . . . . . . . . Parts Field Recycled . | . . . . . . . . . . . . . . . . . . . . . . Retrieved Matter . | . . . . . . . . . . . . . . . . . . . . . . Parts Self-Destructed 24 | . . 6 . . . . . . 1 . 17 . . . . . . . . . . Prevented 4 | . . . . . . . . 2 2 . . . . . . . . . . . . Parts Restored . | . . . . . . . . . . . . . . . . . . . . . . Kills | -11 -10 -10 -8 -7 -7 -7 -5 -5 -5 -5 -4 -4 -4 -4 -4 -4 -3 -3 -2 -2 -1 ------- Run | Yrd Mat Sub Mat Fac Sto Rec Fac Upp Upp War Pro Fac Ext Cet Arc Hub Res Qua Res Tes Acc Combat Hostiles Destroyed 310 | . 15 4 27 . 5 3 6 1 8 12 13 12 40 3 . 50 10 17 8 30 46 Melee 5 | . . . . . . . . . . . . . . . . . 1 3 1 . . Guns 54 | . 15 4 25 . 5 3 . . . . . . . . . . . . 2 . . Cannons 158 | . . . . . . . 6 1 2 12 13 12 29 2 . 20 . 10 5 23 23 AOE 69 | . . . 2 . . . . . 4 . . . . . . 30 8 . . 6 19 Classes Destroyed 22 | 2 5 1 5 . 1 . 1 . . 1 2 1 3 . . . . . . . . Worker 10 | . 1 . 1 . 1 . 1 . . . . 1 . . . 3 1 . . . 1 Builder 13 | . 2 . 1 . . . 3 . . . . 2 . . . 1 2 . . 1 1 Tunneler 5 | 3 . . . . . . . . . . . . 1 . . . . . . . 1 Hauler 5 | . . . 2 . 1 . . . . . . . . . . 1 . . . 1 . Recycler 7 | 1 . . 1 . 1 . . . . . . 2 1 . . . . . . . 1 Carrier 2 | . . . . . . . . . . . . 1 1 . . . . . . . . Mechanic 3 | . . . 1 . . . . . . . . . . . . 2 . . . . . Operator 12 | . . . . . . . 1 . . . . . 1 . 9 . . 1 . . . Drone 9 | . . . . . . . . . . . 2 . . . . . . . . . 7 Watcher 22 | . 3 . 2 . 1 . 2 . . . . 3 1 2 . 3 1 3 . . 1 Swarmer 78 | . 12 1 4 . . . . . 5 . 2 4 3 . . 6 5 1 5 10 20 Grunt 99 | . 3 . 13 . . . 2 . 2 5 7 3 9 . . 24 . 11 . 14 6 Brawler 4 | . . . . . . . . . . . 1 . 2 . . 1 . . . . . Duelist 11 | . . . 1 . . . . . . 1 . 1 2 . . 5 . . . 1 . Protector 4 | . . . . . . . . . . . . . 1 . . 3 . . . . . Sentry 43 | . . . 8 . 3 1 1 1 1 . 1 2 16 . . 2 1 . 2 . 4 Demolisher 1 | . . . . . . . . . . . . . 1 . . . . . . . . Specialist 5 | . . . . . . . . . . . . . 1 . . . . 3 . 1 . Hunter 8 | . . . 1 . 1 . 1 . . . . . . . . 1 . . . . 4 Programmer 27 | . . . . . 1 1 2 . . 3 . 2 1 . . 2 4 2 1 4 4 Behemoth 6 | . . . . . . . . . . 3 . . 2 . . . . . . . 1 Cetus Guard 3 | . . . . . . . . . . . . . . 3 . . . . . . . Lightning 6 | . . . . . . . . . . . . . . . . 6 . . . . . Subdweller 4 | . . 3 . . . 1 . . . . . . . . . . . . . . . Thug 1 | . . . . . . . . . . . . . 1 . . . . . . . . Savage 1 | . . . . . . . . . . . . . 1 . . . . . . . . Butcher 3 | . . . . . . . . . . . . . 2 1 . . . . . . . Guerrilla 2 | . . . . . . . . . . . . . 1 . 1 . . . . . . Best Kill Streak 26 | 2 7 2 6 . 4 1 6 1 8 12 14 6 13 3 3 26 4 4 4 9 16 Combat Bots Only 23 | . 6 2 4 . 1 1 3 1 8 12 14 4 13 2 . 23 4 4 4 9 11 Max Kills in Single Turn 9 | 1 2 1 2 . 2 1 1 1 4 1 2 2 3 2 1 9 4 1 1 2 7 Gunslinging 1 | . 1 . . . . . . . . . . . . . . . . . . . . Exploded 6 | . . . 1 . . . . . 4 . . . . . . 6 4 . . 2 6 Melee 1 | . . . . . . . . . . . . . . . . . 1 1 1 . . Uniques/NPCs Destroyed 2 | . . . . . . . . . . . . . . 2 . . . . . . . Revision 17 (-4/Cetus) A7 (-4/Cetus) Combat | -11 -10 -10 -8 -7 -7 -7 -5 -5 -5 -5 -4 -4 -4 -4 -4 -4 -3 -3 -2 -2 -1 -------- Run | Yrd Mat Sub Mat Fac Sto Rec Fac Upp Upp War Pro Fac Ext Cet Arc Hub Res Qua Res Tes Acc Hostile Shots Fired 2313 | . 92 44 133 . 75 32 56 9 24 34 19 18 31 1 . 278 190 226 107 299 645 Missed 872 | . 31 12 36 . 26 5 18 4 9 12 7 9 9 . . 68 88 82 37 129 290 Hits 1441 | . 61 32 97 . 49 27 38 5 15 22 12 9 22 1 . 210 102 144 70 170 355 Melee 15 | . . . . . . . . . . . . . 1 . . 11 1 1 . 1 . Projectile 1426 | . 61 32 97 . 49 27 38 5 15 22 12 9 21 1 . 199 101 143 70 169 355 AOE 33 | . . . . . . . . . . . . . . . . . . . 8 24 1 Critical Strikes 63 | . . . 5 . . . 1 . 1 2 . . 3 . . 19 6 9 4 4 9 Actively Blocked 32 | . . . . . . . . . . . . . . . . . 6 9 4 4 9 Part Disruptions 1 | . . . . . . . . . . . . . . . . . . 1 . . . Damage Taken 27392 | . 533 677 1513 . 438 203 852 112 291 518 204 109 490 30 21 4947 2707 2957 1729 2522 6539 Core 2939 | . 102 132 194 . 64 12 18 . . 55 . . 72 . . 370 488 259 97 282 794 Absorbed by Shields 4495 | . . . . . . 75 207 . . . . . 57 28 . . . . 310 1582 2236 Ignored by Resistances 230 | . . . . . . . . . . . . . . . . . . . . . 230 Regen/Repaired (Parts) 9182 | . . . . . . 5 445 56 285 220 63 414 65 372 . 466 1608 1365 1684 1155 979 Core Remaining (%) 61 | 100 . 6 64 . . 89 . . . . 92 . . . . 61 . 38 . 64 42 Volleys Fired 1056 | 25 51 20 99 1 32 19 49 4 14 18 17 24 94 30 25 82 27 124 53 149 99 Largest 3 | 2 2 2 3 1 3 3 1 1 1 1 1 1 1 2 1 1 2 1 2 2 2 Hottest 300 | 40 40 70 115 30 69 69 52 29 45 61 61 61 61 240 117 198 124 142 148 300 290 Shots Fired 1423 | 50 102 40 255 1 96 39 50 4 14 18 17 24 94 31 25 82 34 123 72 148 104 Gun 634 | 50 102 40 252 . 96 38 . . . . . . . 1 . . . 5 48 2 . Cannon 703 | . . . . . . . 49 4 13 18 17 24 48 29 25 69 19 118 23 143 104 Launcher 27 | . . . 3 1 . 1 1 . 1 . . . . . . 4 15 . . 1 . Special 59 | . . . . . . . . . . . . . 46 1 . 9 . . 1 2 . Kinetic 869 | 50 102 38 234 . 96 31 45 . . . . 16 . 18 13 5 19 . 48 82 72 Thermal 268 | . . . 12 . . 7 3 . . . . . . 10 12 64 . 63 15 63 19 Explosive 17 | . . . 3 1 . 1 1 . 1 . . . . 1 . 9 . . . . . Electromagnetic 169 | . . 2 6 . . . 1 4 13 . . . 48 2 . . 11 60 8 1 13 Entropic 51 | . . . . . . . . . . 18 17 8 . . . 4 4 . . . . Robot Hit Streak 30 | 5 5 9 24 . 9 10 8 2 4 15 13 15 30 20 3 10 6 12 3 27 9 Robot Miss Streak 8 | 4 5 3 7 . 3 2 4 2 2 4 6 3 4 8 3 4 2 3 8 6 7 Penetration Max 2 | . . . . . . . 1 . . . . . . 1 . . . . . 2 1 Secondary Targets 6 | . 3 . 3 . . . . . . . . . . . . . . . . . . Max Gunslinging Chain 1 | . 1 . 1 . . . . . . . . . . . . . . . . . . Shots Hit Robots 919 | 27 63 29 169 . 70 31 37 2 8 17 16 23 79 23 11 45 29 57 26 101 56 Core Hits 569 | 9 34 10 84 . 23 10 22 2 10 14 12 19 39 20 5 91 18 17 13 61 56 Critical Kills 11 | . 1 . . . . . 1 . . . 2 3 . . . . . 1 . 2 1 Critical Parts Destroyed 22 | . . . . . . . 4 . . 2 4 5 . . . . . . . 7 . Critical Strikes 68 | . 1 . 1 . . . 5 . . 6 8 8 17 1 . 4 4 3 . 9 1 Meltdown 2 | . . . . . . . . . . . . . . . . . . 1 . . 1 Destroy 38 | . 1 . 1 . . . 5 . . 6 8 8 . . . . . . . 9 . Blast 2 | . . . . . . . . . . . . . . . . . 2 . . . . Corrupt 18 | . . . . . . . . . . . . . 17 1 . . . . . . . Sever 8 | . . . . . . . . . . . . . . . . 4 2 2 . . . Melee Attacks 48 | . 16 7 . . . . . . . . . . . . . . 13 11 1 . . Impact . | . . . . . . . . . . . . . . . . . . . . . . Slashing 47 | . 16 7 . . . . . . . . . . . . . . 13 11 . . . Piercing 1 | . . . . . . . . . . . . . . . . . . . 1 . . Sneak Attacks 3 | . 3 . . . . . . . . . . . . . . . . . . . . Combat Hostiles . | . . . . . . . . . . . . . . . . . . . . . . Follow-up Attacks . | . . . . . . . . . . . . . . . . . . . . . . Damage Inflicted 66766 | 234 800 403 3035 . 1048 491 1446 97 918 3578 2601 2783 8331 3205 1455 13031 2855 4607 1031 6819 7998 Guns 5814 | 234 652 403 2484 . 1048 491 . . . . . . . . . . . . 436 66 . Cannons 42955 | . . . . . . . 1446 97 462 3578 2601 2783 8331 3205 1455 4489 508 4051 530 4874 4545 Explosions 16443 | . . . 551 . . . . . 456 . . . . . . 8139 1965 . . 1879 3453 Melee 1037 | . 148 . . . . . . . . . . . . . . . 333 556 . . . Ramming 127 | . . . . . . . . . . . . . . . . 13 49 . 65 . . Kinetic 15060 | 234 652 372 2266 . 1048 403 1351 . . . . 1708 . 1610 573 281 508 . 436 1530 2088 Thermal 19698 | . . . 270 . . 88 95 . . . . . . 1031 882 4208 76 2019 456 5218 5355 Explosive 5373 | . . . 436 . . . . . 456 . . . . . . 4481 . . . . . Electromagnetic 12687 | . . 31 63 . . . . 97 462 . . . 8331 564 . . 407 2032 74 71 555 Impact . | . . . . . . . . . . . . . . . . . . . . . . Slashing 1427 | . 148 . . . . . . . . . . . . . . 390 333 556 . . . Piercing . | . . . . . . . . . . . . . . . . . . . . . . Entropic 12394 | . . . . . . . . . . 3578 2601 1075 . . . 3658 1482 . . . . Highest Corruption 20 | . 1 1 . . . . 1 1 1 2 2 . 1 1 1 7 2 20 . 14 13 Average Corruption 2 | . 1 1 . . . . 1 1 1 1 2 . 1 1 1 6 1 4 . 4 4 Corruption Purged 1 | . . . . . . . . . . . . . . . 1 . . . . . . Corruption Blocked . | . . . . . . . . . . . . . . . . . . . . . . Effects 107 | . 4 13 . . . . 3 1 3 . 5 . . 2 . 11 3 29 . 19 14 Message Errors 27 | . 1 6 . . . . . . . . . . . . . 3 . 9 . 4 4 Matter Fused 27 | . 2 1 . . . . 1 . 2 . 4 . . 1 . 3 1 5 . 5 2 Heat Flow Errors 10 | . 1 3 . . . . . 1 . . . . . 1 . 2 . 2 . . . Energy Discharges 9 | . . 1 . . . . 1 . . . 1 . . . . . 1 3 . 2 . Parts Rejected 1 | . . . . . . . . . . . . . . . . 1 . . . . . Parts Fused 4 | . . . . . . . . . 1 . . . . . . . . 2 . 1 . Data Loss (minor) 15 | . . . . . . . . . . . . . . . . 1 1 5 . 4 4 Data Loss (major) 3 | . . 1 . . . . . . . . . . . . . . . . . . 2 Misfires 1 | . . . . . . . 1 . . . . . . . . . . . . . . Alerts 3 | . . 1 . . . . . . . . . . . . . 1 . . . 1 . Misdirections 4 | . . . . . . . . . . . . . . . . . . 2 . . 2 Weapon Failures 3 | . . . . . . . . . . . . . . . . . . 1 . 2 . Overload Shots 1 | . . . . . . . . . . . . . . 1 . . . . . . . Overflow Damage 6378 | . 54 . 9 . . . 8 . 20 269 249 285 777 349 527 970 44 772 . 1136 909 Projectiles 5538 | . . . . . . . 8 . . 269 249 285 777 349 527 798 . 742 . 1033 501 Explosions 712 | . . . 9 . . . . . 20 . . . . . . 172 . . . 103 408 Melee 128 | . 54 . . . . . . . . . . . . . . . 44 30 . . . Knockbacks 49 | . . . . . . . 10 . . . . 3 . 4 . . 1 . . 21 10 Impact . | . . . . . . . . . . . . . . . . . . . . . . Kinetic 45 | . . . . . . . 9 . . . . 3 . 4 . . 1 . . 18 10 Secondary 4 | . . . . . . . 1 . . . . . . . . . . . . 3 . Self-Inflicted Damage 1391 | . . . 78 . . . 189 . . . . . . . . 275 266 . . 349 234 Shots 25 | . . . 3 . . . 6 . . . . . . . . 2 2 . . 8 4 Rammed . | . . . . . . . . . . . . . . . . . . . . . . Targets Rammed 16 | . . . . . . . . . . . . . . . . 3 12 . 1 . . Kicked 15 | . . . . . . . . . . . . . . . . 3 12 . . . . Crushed 1 | . . . . . . . . . . . . . . . . . . . 1 . . Highest Temperature 590 | . 226 185 321 . 205 59 8 108 . 184 190 65 31 225 86 590 290 442 420 432 436 Average Temperature 106 | . 29 82 76 . 63 20 5 63 . 61 84 16 14 71 45 152 147 165 97 91 171 Received Heat Transfer 3324 | . 48 . 621 . 102 55 76 27 72 45 9 . 63 . . 1044 198 438 20 195 311 Effects 27 | . . . 1 . . . . . . . . . . . . 7 . 8 1 1 9 Shutdowns 11 | . . . . . . . . . . . . . . . . 1 . 4 1 1 4 Energy Bleed 3 | . . . . . . . . . . . . . . . . 1 . 2 . . . Interference 6 | . . . . . . . . . . . . . . . . 3 . . . . 3 Matter Decay 2 | . . . . . . . . . . . . . . . . . . 1 . . 1 Short Circuit 1 | . . . . . . . . . . . . . . . . . . 1 . . . Damage (minor) 4 | . . . 1 . . . . . . . . . . . . 2 . . . . 1 Siege Activations . | . . . . . . . . . . . . . . . . . . . . . . Martial Activations . | . . . . . . . . . . . . . . . . . . . . . . Shielding Activations . | . . . . . . . . . . . . . . . . . . . . . . Robots Disrupted 7 | . . . . . . . . . . . . . . . . . . . 2 4 1 Combat Hostiles 7 | . . . . . . . . . . . . . . . . . . . 2 4 1 Robots Corrupted 23 | . . . . . . . . . 2 . . . 14 1 . . 1 3 . . 2 Combat Hostiles 20 | . . . . . . . . . 2 . . . 11 1 . . 1 3 . . 2 Parts Fried 36 | . . . . . . . . 1 3 . . . 15 . . . 1 12 . . 4 Impact Corruptions . | . . . . . . . . . . . . . . . . . . . . . . Robots Melted 3 | . . . . . . . . . . . . . . . . . . 1 . . 2 Combat Hostiles 3 | . . . . . . . . . . . . . . . . . . 1 . . 2 Parts Melted 15 | . . . . . . . . . . . . . . . . . . 5 . . 10 Heat Transferred 9152 | . . . 350 . . . 74 . . . . . . 277 259 1295 50 888 . 1250 4709 Parts Sabotaged 1 | . . . . . . . . . . . . . . . . 1 . . . . . Parts Stolen . | . . . . . . . . . . . . . . . . . . . . . . Parts Stripped . | . . . . . . . . . . . . . . . . . . . . . . Power Chain Reactions 13 | . . . 1 . . . . . . . . . . . . . 2 . . 9 1 Alert | -11 -10 -10 -8 -7 -7 -7 -5 -5 -5 -5 -4 -4 -4 -4 -4 -4 -3 -3 -2 -2 -1 ------- Run | Yrd Mat Sub Mat Fac Sto Rec Fac Upp Upp War Pro Fac Ext Cet Arc Hub Res Qua Res Tes Acc Maximum Alert Level 5 | . . . 1 . . . 1 . . . . 2 5 4 2 5 4 3 2 3 5 Low Security (%) 36 | 100 100 . 56 100 100 100 . . . . . 26 1 . . 15 . . . 36 . Level 1 25 | . . . 43 . . . 100 . . . . 14 65 . 21 21 . . 76 16 . Level 2 12 | . . . . . . . . . . . . 59 10 . 78 7 . 9 23 18 29 Level 3 15 | . . . . . . . . . . . . . 17 95 . 15 . 90 . 29 19 Level 4 7 | . . . . . . . . . . . . . 1 4 . 25 100 . . . 25 Level 5 . | . . . . . . . . . . . . . 4 . . 3 . . . . 1 High Security 1 | . . . . . . . . . . . . . . . . 10 . . . . 23 Max Security . | . . . . . . . . . . . . . . . . . . . . . . Peak Influence 2275 | 10 132 . 287 102 88 73 394 . . . . 573 1689 1110 565 2275 1522 963 510 805 1945 Initial 1178 | . 3 . . 102 2 27 350 . . . . 65 238 938 409 117 1178 837 510 158 460 Average 445 | 1 55 . 181 55 41 10 326 . . . . 372 501 1005 448 903 1327 800 371 416 1125 Influence Increases 14802 | 20 417 30 868 4 425 347 722 95 170 240 240 653 1913 456 318 2778 712 762 438 1199 1995 Destroy 0b10 Robot/C 6860 | . 300 20 540 . 240 60 160 20 160 240 220 260 880 160 80 1280 200 340 180 600 920 Destroy 0b10 Robot/NC 450 | 20 30 . 40 . 20 5 35 . . . 10 40 35 10 45 85 20 20 . 10 25 Destroy Leader 1090 | . 66 10 158 . 84 . 54 . 10 . 10 66 64 . . 216 42 46 50 72 142 Allied During Kill 1590 | . . . . . 76 15 34 . . . . . 719 170 125 444 . . 7 . . Successful Hack 294 | . 21 . 4 . 5 52 6 . . . . 5 28 . . . 26 95 . 52 . Select Force Hacks 330 | . . . . . . 180 . . . . . . . . . 150 . . . . . Disable Machine 870 | . . . 15 . . . 15 . . . . 120 105 15 30 150 45 150 . 165 60 Anti-Garrison Action 350 | . . . . . . . . . . . . . . . . . . . 150 . 200 Destroy Structure 1718 | . . . 21 4 . 35 68 . . . . 132 82 86 38 438 184 66 6 210 348 Advance Influence 350 | . . . . . . . 350 . . . . . . . . . . . . . . Partial Spotted 30 | . . . . . . . . . . . . 15 . . . . . . . . 15 Lose Combat Pursuer 870 | . . . 90 . . . . 75 . . . 15 . 15 . 15 195 45 45 90 285 Influence Decreases 12857 | 15 346 106 642 224 359 419 410 216 178 201 358 269 724 1109 1005 870 1469 1341 1065 712 819 Entered New Map 5184 | . 2 37 . 124 4 45 . 116 38 183 222 39 250 739 615 220 1067 651 399 124 309 Time Decay 6249 | 15 344 69 572 100 191 354 310 100 140 18 136 230 434 270 350 350 362 490 586 518 310 Lost Part 580 | . . . 70 . . 20 10 . . . . . . . . 60 40 50 60 70 200 Lost Ally 694 | . . . . . 164 . 90 . . . . . 40 100 40 240 . . 20 . . Purge Threat 150 | . . . . . . . . . . . . . . . . . . 150 . . . Squads Dispatched 59 | . 2 . 3 . 4 . 3 . . . . 1 3 . . 13 6 3 . 6 15 Investigation 12 | . 1 . 1 . 1 . . . . . . . . . . 7 . . . 1 1 Extermination 13 | . . . . . 1 . 1 . . . . 1 . . . 1 2 1 . 3 3 Reinforcement 12 | . 1 . 2 . 1 . 2 . . . . . . . . 1 1 1 . 2 1 Assault 21 | . . . . . . . . . . . . . 3 . . 4 3 1 . . 10 Garrison 1 | . . . . . 1 . . . . . . . . . . . . . . . . Intercept . | . . . . . . . . . . . . . . . . . . . . . . Searches Triggered . | . . . . . . . . . . . . . . . . . . . . . . Construction Impeded 1 | . . . 1 . . . . . . . . . . . . . . . . . . Haulers Reinforced 2 | . . . . . 1 . 1 . . . . . . . . . . . . . . Active Scanning Responses . | . . . . . . . . . . . . . . . . . . . . . . Cargo Convoy Interrupts . | . . . . . . . . . . . . . . . . . . . . . . Stealth | -11 -10 -10 -8 -7 -7 -7 -5 -5 -5 -5 -4 -4 -4 -4 -4 -4 -3 -3 -2 -2 -1 --------- Run | Yrd Mat Sub Mat Fac Sto Rec Fac Upp Upp War Pro Fac Ext Cet Arc Hub Res Qua Res Tes Acc Distress Signals 27 | . 3 . 1 . 3 . . . . 1 . 1 1 2 . 6 1 2 5 . 1 Communications Jammed 42 | . . . . . . . . . . . . . . . . . . . 2 . 40 Distress Signals 42 | . . . . . . . . . . . . . . . . . . . 2 . 40 Times Spotted 542 | . 25 4 39 . 14 10 11 5 8 9 12 13 44 11 17 72 35 36 18 49 110 Peak Tracking Total 28 | . 6 2 5 . 4 5 2 5 5 5 6 3 8 5 1 15 12 6 7 7 28 Tactical Retreats 33 | . . . 5 . . . . 1 . . . 1 . 1 . 1 4 3 3 5 9 Traps | -11 -10 -10 -8 -7 -7 -7 -5 -5 -5 -5 -4 -4 -4 -4 -4 -4 -3 -3 -2 -2 -1 ------- Run | Yrd Mat Sub Mat Fac Sto Rec Fac Upp Upp War Pro Fac Ext Cet Arc Hub Res Qua Res Tes Acc Traps Triggered 19 | . 2 1 1 . . . 2 . . . . 1 . . . 3 . 1 . 5 3 Indirectly 1 | . . . . . . . . . . . . . . . . . . . . 1 . Trap Hack Attempts . | . . . . . . . . . . . . . . . . . . . . . . Triggered . | . . . . . . . . . . . . . . . . . . . . . . Disarmed . | . . . . . . . . . . . . . . . . . . . . . . Reprogrammed . | . . . . . . . . . . . . . . . . . . . . . . Reused . | . . . . . . . . . . . . . . . . . . . . . . Traps Extracted . | . . . . . . . . . . . . . . . . . . . . . . Installed . | . . . . . . . . . . . . . . . . . . . . . . Triggered . | . . . . . . . . . . . . . . . . . . . . . . Machines | -11 -10 -10 -8 -7 -7 -7 -5 -5 -5 -5 -4 -4 -4 -4 -4 -4 -3 -3 -2 -2 -1 ---------- Run | Yrd Mat Sub Mat Fac Sto Rec Fac Upp Upp War Pro Fac Ext Cet Arc Hub Res Qua Res Tes Acc Machines Disabled 65 | . . . 1 . . . 1 . . 3 2 8 8 1 2 10 3 10 1 11 4 Max in Single Turn 5 | . . . 1 . . . 1 . . 1 1 5 2 1 . 2 1 1 1 1 1 Garrison Access 3 | . . . . . . . . . . . . . . . . . . 1 1 . 1 Network Hub 3 | . . . . . . . . . . . . . . . . 3 . . . . . Energy Cycler 1 | . . . . . . . . . . . . . . . . . . . . . 1 Machines Repaired . | . . . . . . . . . . . . . . . . . . . . . . Machines Dismantled . | . . . . . . . . . . . . . . . . . . . . . . Machines Sabotaged 3 | . . . . . . . . . . . . . . . . 3 . . . . . Overloaded Fab Kills . | . . . . . . . . . . . . . . . . . . . . . . Hacking | -11 -10 -10 -8 -7 -7 -7 -5 -5 -5 -5 -4 -4 -4 -4 -4 -4 -3 -3 -2 -2 -1 --------- Run | Yrd Mat Sub Mat Fac Sto Rec Fac Upp Upp War Pro Fac Ext Cet Arc Hub Res Qua Res Tes Acc Machines Accessed 77 | . 7 . 10 . 3 14 6 1 2 1 1 3 6 1 . 6 2 8 . 3 3 Terminals 53 | . 5 . 7 . 3 6 3 . . . 1 3 6 1 . 6 2 6 . 2 2 Fabricators 3 | . . . . . . . 2 . . . . . . . . . . . . 1 . Repair Stations 1 | . . . 1 . . . . . . . . . . . . . . . . . . Recycling Units 10 | . 2 . . . . 7 1 . . . . . . . . . . . . . . Scanalyzers 3 | . . . 2 . . . . . . . . . . . . . . 1 . . . Garrison Access 2 | . . . . . . . . . . . . . . . . . . 1 . . 1 Total Hacks 191 | . 20 . 25 . 7 31 11 1 2 1 6 8 17 1 . 9 7 27 . 13 5 Successful 96 | . 12 . 12 . 4 23 4 1 2 1 6 2 5 . . 7 2 10 . 4 1 Failed 95 | . 8 . 13 . 3 8 7 . . . . 6 12 1 . 2 5 17 . 9 4 Catastrophic 19 | . . . 2 . . . . . . . . 1 1 1 . 1 . 10 . 2 1 Database Lockouts . | . . . . . . . . . . . . . . . . . . . . . . Manual 85 | . 14 . 15 . 4 16 4 . . . . 3 10 1 . 9 . 5 . 2 2 Terminals 138 | . 16 . 15 . 7 9 6 . . . 6 8 17 1 . 9 7 21 . 12 4 Fabricators 4 | . . . . . . . 3 . . . . . . . . . . . . 1 . Repair Stations 3 | . . . 3 . . . . . . . . . . . . . . . . . . Recycling Units 26 | . 4 . . . . 20 2 . . . . . . . . . . . . . . Scanalyzers 10 | . . . 7 . . . . . . . . . . . . . . 3 . . . Garrison Access 4 | . . . . . . . . . . . . . . . . . . 3 . . 1 Terminal Hacks 36 | . 4 . 1 . 2 3 1 1 2 1 6 2 1 . . 1 2 7 . 2 . Record 6 | . . . . . . . . . . . 6 . . . . . . . . . . Robot Analysis 2 | . . . . . . . . . . . . . . . . . . 2 . . . Open Door 7 | . . . . . 1 . . 1 2 1 . 1 . . . . 1 . . . . Level Access Points 1 | . . . . . . . . . . . . . . . . . . 1 . . . Branch Access Points 1 | . . . . . . . 1 . . . . . . . . . . . . . . Terminal Index 6 | . 1 . 1 . . 1 . . . . . . . . . 1 . 1 . 1 . Unreport Threat 1 | . . . . . . . . . . . . . . . . . . 1 . . . Locate Traps 1 | . . . . . . . . . . . . . 1 . . . . . . . . Hauler Manifests 1 | . . . . . . . . . . . . 1 . . . . . . . . . Registered Components 2 | . . . . . . . . . . . . . . . . . 1 1 . . . Zone Layout 6 | . 3 . . . 1 . . . . . . . . . . . . 1 . 1 . Release Object 2 | . . . . . . 2 . . . . . . . . . . . . . . . Fabricator Hacks 3 | . . . . . . . 2 . . . . . . . . . . . . 1 . Network Status 3 | . . . . . . . 2 . . . . . . . . . . . . 1 . Repair Station Hacks 1 | . . . 1 . . . . . . . . . . . . . . . . . . Scan Component 1 | . . . 1 . . . . . . . . . . . . . . . . . . Recycling Unit Hacks 11 | . 2 . . . . 8 1 . . . . . . . . . . . . . . Retrieve Components 11 | . 2 . . . . 8 1 . . . . . . . . . . . . . . Scanalyzer 7 | . . . 5 . . . . . . . . . . . . . . 2 . . . Retrieve Study 7 | . . . 5 . . . . . . . . . . . . . . 2 . . . Garrison Access Hacks 1 | . . . . . . . . . . . . . . . . . . 1 . . . Seal Access 1 | . . . . . . . . . . . . . . . . . . 1 . . . Unauthorized Hacks 37 | . 6 . 5 . 2 12 . . . . . . 4 . . 6 . . . 1 1 Terminals 30 | . 6 . 5 . 2 6 . . . . . . 4 . . 6 . . . 1 . Botnet 4 | . . . . . 1 1 . . . . . . 2 . . . . . . . . Operators 1 | . 1 . . . . . . . . . . . . . . . . . . . . Skim 19 | . 5 . 5 . 1 5 . . . . . . 2 . . . . . . 1 . Sabotage 6 | . . . . . . . . . . . . . . . . 6 . . . . . Fabricators . | . . . . . . . . . . . . . . . . . . . . . . Repair Stations . | . . . . . . . . . . . . . . . . . . . . . . Recycling Units 6 | . . . . . . 6 . . . . . . . . . . . . . . . Tunnel 6 | . . . . . . 6 . . . . . . . . . . . . . . . Scanalyzers . | . . . . . . . . . . . . . . . . . . . . . . Garrison Access 1 | . . . . . . . . . . . . . . . . . . . . . 1 Jam 1 | . . . . . . . . . . . . . . . . . . . . . 1 Data Cores Recovered 3 | . . . . . . . 1 . . . . . 1 . . . . . . 1 . Used 1 | . . . . . . . . . . . . . . . . . . . . 1 . Hacking Detections 54 | . 3 . 10 . 2 8 6 . . . 1 3 6 1 . 2 2 7 . 1 2 Full Trace Events 2 | . . . . . 1 1 . . . . . . . . . . . . . . . Feedback Events . | . . . . . . . . . . . . . . . . . . . . . . Feedback Blocked . | . . . . . . . . . . . . . . . . . . . . . . Robot Schematics Acquired . | . . . . . . . . . . . . . . . . . . . . . . Robots Built . | . . . . . . . . . . . . . . . . . . . . . . Authchips . | . . . . . . . . . . . . . . . . . . . . . . Time . | . . . . . . . . . . . . . . . . . . . . . . Total Robot Build Rating . | . . . . . . . . . . . . . . . . . . . . . . Part Schematics Acquired . | . . . . . . . . . . . . . . . . . . . . . . Parts Built . | . . . . . . . . . . . . . . . . . . . . . . Authchips . | . . . . . . . . . . . . . . . . . . . . . . Time . | . . . . . . . . . . . . . . . . . . . . . . Total Part Build Rating . | . . . . . . . . . . . . . . . . . . . . . . Part Studies Acquired 7 | . . . 5 . . . . . . . . . . . . . . 2 . . . Parts Repaired . | . . . . . . . . . . . . . . . . . . . . . . Time . | . . . . . . . . . . . . . . . . . . . . . . Parts Recycled . | . . . . . . . . . . . . . . . . . . . . . . Recycled Matter . | . . . . . . . . . . . . . . . . . . . . . . Retrieved Matter . | . . . . . . . . . . . . . . . . . . . . . . Retrieved Components 61 | . 4 . . . . 57 . . . . . . . . . . . . . . . Parts Scanalyzed . | . . . . . . . . . . . . . . . . . . . . . . Part Schematics Acquired . | . . . . . . . . . . . . . . . . . . . . . . Parts Damaged . | . . . . . . . . . . . . . . . . . . . . . . Bothacking | -11 -10 -10 -8 -7 -7 -7 -5 -5 -5 -5 -4 -4 -4 -4 -4 -4 -3 -3 -2 -2 -1 ------------ Run | Yrd Mat Sub Mat Fac Sto Rec Fac Upp Upp War Pro Fac Ext Cet Arc Hub Res Qua Res Tes Acc Used RIF Installer . | . . . . . . . . . . . . . . . . . . . . . . Robots Hacked 2 | . . . . . . . . . . . . . 2 . . . . . . . . Non-combat . | . . . . . . . . . . . . . . . . . . . . . . Combat 2 | . . . . . . . . . . . . . 2 . . . . . . . . Robot Hacks Applied 2 | . . . . . . . . . . . . . 2 . . . . . . . . parse_system 2 | . . . . . . . . . . . . . 2 . . . . . . . . Relay Couplers Released 11 | . . . . . . . 3 . . . . . . . . . . . 5 3 . Machine Destruction 5 | . . . . . . . . . . . . . . . . . . . 5 . . Programmers 6 | . . . . . . . 3 . . . . . . . . . . . . 3 . Fabnet Peak Effective % . | . . . . . . . . . . . . . . . . . . . . . . Robots Rewired 25 | . . . . . . 6 . . . . . . 18 . . . . . 1 . . Allies Hacked 1 | . . . . . 1 . . . . . . . . . . . . . . . . Hacks Repelled . | . . . . . . . . . . . . . . . . . . . . . . Allies | -11 -10 -10 -8 -7 -7 -7 -5 -5 -5 -5 -4 -4 -4 -4 -4 -4 -3 -3 -2 -2 -1 -------- Run | Yrd Mat Sub Mat Fac Sto Rec Fac Upp Upp War Pro Fac Ext Cet Arc Hub Res Qua Res Tes Acc Total Allies 47 | . . . . . 10 6 . . . . . . 25 5 . . . . 1 . . Largest Group 24 | . . . . . 10 6 6 . . . . . 24 21 16 14 . . 1 . . Highest-Rated Group 1176 | . . . . . 173 133 133 . . . . . 1083 1176 885 788 . . 89 . . Highest-Rated Ally 159 | . . . . . 29 40 40 . . . . . 159 159 96 96 . . 89 . . Total Orders . | . . . . . . . . . . . . . . . . . . . . . . Ally Attacks 308 | . . . . . 54 10 10 . . . . . 50 47 17 117 . . 3 . . Total Damage 10889 | . . . . . 758 166 207 . . . . . 1515 1234 735 6182 . . 92 . . Kills 53 | . . . . . 8 3 2 . . . . . 6 6 4 23 . . 1 . . Allies Corrupted 5 | . . . . . 1 . . . . . . . 1 . . 3 . . . . . Allies Melted 3 | . . . . . 1 . . . . 2 . . . . . . . . . . . Intel | -11 -10 -10 -8 -7 -7 -7 -5 -5 -5 -5 -4 -4 -4 -4 -4 -4 -3 -3 -2 -2 -1 ------- Run | Yrd Mat Sub Mat Fac Sto Rec Fac Upp Upp War Pro Fac Ext Cet Arc Hub Res Qua Res Tes Acc Active Infowar (turns) 17189 | 3 1080 1810 1908 217 39 . 260 201 285 848 430 489 1066 585 791 880 834 1295 1829 1421 918 Optics 8512 | . . . . . . . . . . . . . . 577 791 847 834 1295 1829 1421 918 Sensors 1549 | . . . . . . . 260 201 285 646 . . . . . . . . . . 157 Structural 3974 | . . 1810 1908 217 39 . . . . . . . . . . . . . . . . Seismic 1083 | 3 1080 . . . . . . . . . . . . . . . . . . . . Cloaking 4970 | . . . . . . . . . . 202 430 489 1066 584 763 542 418 . 476 . . Jamming 2748 | . . . . . . . . . . . . . . . . . . 864 1176 1 707 Robot Analysis Total 2 | . . . . . . . . . . . . . . . . . . 2 . . . Derelict Logs Recovered 6 | . . 1 . . . . . 1 1 . 3 . . . . . . . . . . Drone Launches . | . . . . . . . . . . . . . . . . . . . . . . Drone Recoveries . | . . . . . . . . . . . . . . . . . . . . . . Exploration | -11 -10 -10 -8 -7 -7 -7 -5 -5 -5 -5 -4 -4 -4 -4 -4 -4 -3 -3 -2 -2 -1 ------------- Run | Yrd Mat Sub Mat Fac Sto Rec Fac Upp Upp War Pro Fac Ext Cet Arc Hub Res Qua Res Tes Acc Turns Passed 20796 | 195 1482 1910 1908 217 455 2037 699 201 285 855 430 489 1071 585 791 889 834 1295 1829 1421 918 Spaces Moved 14725 | 81 568 620 841 117 207 1141 915 252 486 1045 566 504 785 314 363 350 428 1000 1701 1235 1206 Core 55 | 19 . . . . . . . . . . . . . . . . 36 . . . . Treads 2588 | 62 568 511 203 41 . . 67 . . . . 194 426 . . . . . 366 150 . Legs 1947 | . . . . . . 305 . . . . . . 10 314 94 284 117 . 512 58 253 Wheels 1683 | . . 109 638 76 207 439 . . . . . . . . . . . . 214 . . Hover 4787 | . . . . . . 289 726 252 486 813 . 102 349 . . . . 667 290 350 463 Flight 3665 | . . . . . . 108 122 . . 232 566 208 . . 269 66 275 333 319 677 490 Fastest Speed 27 | 50 160 150 115 145 145 46 38 43 43 27 27 27 96 96 96 149 40 49 56 49 32 Average Speed 98 | 134 182 290 166 177 145 97 44 43 43 56 70 71 109 96 144 194 157 63 76 71 53 Slowest Speed 320 | 160 320 320 238 238 160 145 94 43 43 94 78 133 120 147 161 212 212 110 187 109 65 Overloaded Moves . | . . . . . . . . . . . . . . . . . . . . . . Propulsion Burnouts . | . . . . . . . . . . . . . . . . . . . . . . Robots Hopped 29 | . . . . . . . . . . . . . . . . . 1 . 3 5 20 Potential Cave-ins . | . . . . . . . . . . . . . . . . . . . . . . Cave-ins Triggered . | . . . . . . . . . . . . . . . . . . . . . . Teleports 2 | . . . . . . . . . . . . . . . . . . 1 . . 1 Exploration Rate (%) 54 | 4 87 28 66 3 33 99 20 53 64 89 67 12 87 74 98 47 18 82 41 93 39 Regions Visited 21 Branch Regions 13 Pre-discovered Areas 13 | . 1 1 2 . . 9 . . . . . . . . . . . . . . . Known Exits Taken 11 | . . 1 1 1 . . 1 1 1 . . 1 . . . 1 1 1 1 . . Unknown Exits Taken 10 | 1 1 . . . 1 1 . . . 1 1 . 1 1 1 . . . . 1 . Scrap Searched 3 | . . . . . . . . . 2 . 1 . . . . . . . . . . Spaces Dug 108 | . 1 2 . 4 . 52 . . . . 4 2 . . . 9 17 10 . 1 6 Terrain Destroyed 1051 | . 1 2 22 4 . 52 37 . 20 26 29 65 38 85 15 214 124 41 9 125 142 Melee 4 | . 1 2 . . . . . . . . . . . . . . . 1 . . . Projectile 414 | . . . . . . . 23 . 1 26 29 45 38 63 15 31 4 40 9 51 39 AOE 633 | . . . 22 4 . 52 14 . 19 . . 20 . 22 . 183 120 . . 74 103 Terrain Rammed . | . . . . . . . . . . . . . . . . . . . . . . Walls Destroyed . | . . . . . . . . . . . . . . . . . . . . . . Machines Disabled . | . . . . . . . . . . . . . . . . . . . . . . Actions | -11 -10 -10 -8 -7 -7 -7 -5 -5 -5 -5 -4 -4 -4 -4 -4 -4 -3 -3 -2 -2 -1 --------- Run | Yrd Mat Sub Mat Fac Sto Rec Fac Upp Upp War Pro Fac Ext Cet Arc Hub Res Qua Res Tes Acc Total 19760 | 127 892 678 1216 124 311 2050 1166 342 550 1306 586 618 955 570 616 492 528 1517 2159 1625 1332 Wait 3316 | 5 226 17 187 . 57 833 158 85 48 188 2 76 66 210 214 20 20 328 367 185 24 Move 14652 | 80 567 619 840 116 206 1140 914 251 485 1044 565 503 784 313 362 349 425 999 1696 1225 1169 Hop 22 | . . . . . . . . . . . . . . . . . 1 . 1 4 16 Pick Up 169 | 10 19 2 35 1 5 8 12 . 1 12 1 4 3 5 4 2 5 19 4 11 6 Fast Attach 80 | 1 . . 6 1 3 1 8 . . 10 . 4 2 1 2 . 5 6 14 16 . Attach 91 | 6 . 3 17 1 1 3 5 . 1 3 . . . . 1 11 9 8 3 7 12 Detach 28 | . . . 2 . . 2 2 . 1 4 . 1 1 1 1 4 3 2 . 2 2 Swap 56 | . 7 9 8 3 . 2 4 . . 4 . 1 . 5 . 3 . 1 4 4 1 Drop 191 | . 6 1 22 1 7 27 14 2 . 23 1 5 5 5 7 2 8 19 15 20 1 Fire 1056 | 25 51 20 99 1 32 19 49 4 14 18 17 24 94 30 25 82 27 124 53 149 99 Melee 48 | . 16 7 . . . . . . . . . . . . . . 13 11 1 . . Ram . | . . . . . . . . . . . . . . . . . . . . . . Kick 15 | . . . . . . . . . . . . . . . . 3 12 . . . . Crush 1 | . . . . . . . . . . . . . . . . . . . 1 . . Escape Stasis 20 | . . . . . . . . . . . . . . . . 16 . . . 2 2 Rewire 15 | . . . . . . 15 . . . . . . . . . . . . . . . Trap . | . . . . . . . . . . . . . . . . . . . . . . Miscellaneous . | . . . . . . . . . . . . . . . . . . . . . . Route ------- -11/Scrapyard -10/Materials (discovered 5 exits: [*Mat x3] / [*Min] / [*Sub]) -10/Subcaves -8/Materials (discovered 3 exits: *Fac x3) -7/Factory (discovered 5 exits: Fac x3 / *Sto / Low) -7/Storage -7/Recycling -5/Factory (discovered 3 exits: *Fac / *Upp x2) -5/Upper Caves -5/Upper Caves -5/Warlord -4/Proximity Caves -4/Factory (discovered 5 exits: Res / *Upp x2 / *Ext x2) -4/Extension (discovered 2 exits: *Res / *Cet) -4/Cetus (discovered 2 exits: *Res / [*Arc]) -4/Archives (discovered 3 exits: *Res / *Hub x2) -4/Hub_04(d) (discovered 3 exits: *Res x3) -3/Research (discovered 2 exits: Res / *Qua) -3/Quarantine -2/Research (discovered 2 exits: *Tes x2) -2/Testing -1/Access To Fleet Rendezvous History --------- Turn | Location | Event 7 | -11/Scrapyard | Discovered new exit (range 16) 196 | -11/Scrapyard | Entered Materials 307 | -10/Materials | Build established: Mutant 399 | -10/Materials | Discovered new exit (range 11) 659 | -10/Materials | Discovered new exit (range 16) 704 | -10/Materials | Discovered new exit (range 18) 970 | -10/Materials | Learned 2 Storage zone layouts 1123 | -10/Materials | Learned location of Storage (-7) 1157 | -10/Materials | Learned 4 Subcaves zone layouts 1200 | -10/Materials | Learned 2 Mines zone layouts 1304 | -10/Materials | Discovered new exit (range 9) 1650 | -10/Materials | Discovered new exit (range 7) 1678 | -10/Materials | Entered Subcaves 1679 | -10/Subcaves | Identified exit to Materials 2010 | -10/Subcaves | Learned location of Zion (-6) 2106 | -10/Subcaves | A swath of the cavern ceiling suddenly collapsed 3408 | -10/Subcaves | Core integrity fell below 50% 3420 | -10/Subcaves | Core integrity fell below 20% 3441 | -10/Subcaves | Lost 5 parts (2p2n1u) 3588 | -10/Subcaves | Entered Materials 3588 | -8/Materials | Evolved 4 slots: Propulsion x1, Utility x2, Weapon x1 3763 | -8/Materials | Lost 3 parts (3w) 3842 | -8/Materials | Discovered new exit (range 15) 3927 | -8/Materials | Build established: Gunner 5324 | -8/Materials | Learned Factory trap positions 5369 | -8/Materials | Identified exit to Factory 5403 | -8/Materials | Learned Storage trap positions 5425 | -8/Materials | Learned 4 Factory zone layouts 5437 | -8/Materials | Learned Factory stockpile data 5441 | -8/Materials | Learned 8 Factory zone layouts 5479 | -8/Materials | Learned Factory terminal intel 5496 | -8/Materials | Entered Factory 5496 | -7/Factory | Evolved 2 slots: Power x1, Propulsion x1 5497 | -7/Factory | Identified exit to Factory 5497 | -7/Factory | Identified exit to Storage 5498 | -7/Factory | Identified exit to Lower Caves 5499 | -7/Factory | Loaded intel: 106 trap records 5501 | -7/Factory | Loaded intel: 26 terminal locations 5713 | -7/Factory | Entered Storage 5715 | -7/Storage | Loaded intel: 16 trap records 5788 | -7/Storage | Assisted by bots powering up and referring to "LRC-V3" 5972 | -7/Storage | Lost 9 allies 6030 | -7/Storage | Found Prototype Launcher 6030 | -7/Storage | Identified Rocket Array 6051 | -7/Storage | Found Rocket Array 6125 | -7/Storage | Garrison activated, responded to threat 6160 | -7/Storage | Used back door to open Recycling access 6160 | -7/Storage | Discovered new exit (range 5) 6168 | -7/Storage | Entered Recycling 6169 | -7/Recycling | Joined Warlord attack on 0b10 via Recycling 6235 | -7/Recycling | Lost 5 allies 6527 | -7/Recycling | Build established: Commander-Gunner 6604 | -7/Recycling | Learned Hub_04(d) stockpile data 6628 | -7/Recycling | Discovered new exit (range 16) 6646 | -7/Recycling | Learned location of Warlord (-5) 6705 | -7/Recycling | Learned Extension trap positions 6723 | -7/Recycling | Learned Extension stockpile data 6735 | -7/Recycling | Learned Extension emergency access door positions 6759 | -7/Recycling | Learned location of 2 exits from Lower Caves 6792 | -7/Recycling | Learned Extension trap positions 6836 | -7/Recycling | Found Prototype Device 6836 | -7/Recycling | Identified Scrap Engine 6940 | -7/Recycling | Build established: Commander-Mutant 7494 | -7/Recycling | Build established: Commander-Construct 8205 | -7/Recycling | Entered Factory 8205 | -5/Factory | Accompanied by 6 allies 8205 | -5/Factory | Evolved 4 slots: Propulsion x1, Utility x2, Weapon x1 8411 | -5/Factory | Discovered new exit (range 6) 8453 | -5/Factory | Identified exit to Upper Caves 8712 | -5/Factory | Spotted B-75 Beast 8904 | -5/Factory | Entered Upper Caves 8928 | -5/Upper Caves | Encountered a Warlord checkpoint 8938 | -5/Upper Caves | Attracted the attention of an 0b10 checkpoint 8956 | -5/Upper Caves | Build established: Construct 9043 | -5/Upper Caves | Learned 4 Factory zone layouts 9070 | -5/Upper Caves | Discovered new exit (range 13) 9085 | -5/Upper Caves | Identified exit to Upper Caves 9105 | -5/Upper Caves | Entered another Upper Caves area 9130 | -5/Upper Caves | Learned 8 Factory zone layouts 9158 | -5/Upper Caves | Spotted B-75 Beast 9165 | -5/Upper Caves | Attracted the attention of an 0b10 checkpoint 9217 | -5/Upper Caves | Destroyed 8 combat bots 9254 | -5/Upper Caves | Discovered new exit (range 5) 9255 | -5/Upper Caves | Identified exit to Warlord 9390 | -5/Upper Caves | Entered Warlord 9405 | -5/Warlord | System corruption cleaned by Quarantine Array 9785 | -5/Warlord | Warlord's base attacked by MAIN.C 9803 | -5/Warlord | Found Prototype Energy Cannon 9803 | -5/Warlord | Identified Vortex Driver 9808 | -5/Warlord | Found Prototype Energy Gun 9808 | -5/Warlord | Identified Vortex Rifle 9904 | -5/Warlord | Found Prototype Launcher 9928 | -5/Warlord | Met EX-DEC 10034 | -5/Warlord | Found Prototype Processor 10034 | -5/Warlord | Identified Exp. Target Analyzer 10040 | -5/Warlord | Found Prototype Device 10040 | -5/Warlord | Identified Exp. Cloaking Device 10071 | -5/Warlord | Found Prototype Special Weapon 10071 | -5/Warlord | Identified RU-N14's Throwing Claymores v3 10074 | -5/Warlord | Found RU-N14's Throwing Claymores v3 10099 | -5/Warlord | Met Warlord 10135 | -5/Warlord | Warlord forces counterattacked 10150 | -5/Warlord | Found Prototype Device 10151 | -5/Warlord | Identified Minesniffer Drone Bay 10177 | -5/Warlord | Found RU-N14's Throwing Claymores v3 10182 | -5/Warlord | Spotted B-75 Beast 10185 | -5/Warlord | Destroyed B-75 Beast 10193 | -5/Warlord | Spotted B-86 Titan 10208 | -5/Warlord | Spotted B-86 Titan 10213 | -5/Warlord | Spotted B-75 Beast 10220 | -5/Warlord | Destroyed B-86 Titan 10224 | -5/Warlord | Found Prototype Ballistic Cannon 10227 | -5/Warlord | Destroyed B-75 Beast 10242 | -5/Warlord | Discovered new exit (range 12) 10245 | -5/Warlord | Entered Proximity Caves 10268 | -4/Proximity Caves | Destroyed 14 combat bots 10268 | -4/Proximity Caves | Learned location of 1 exit from Research 10422 | -4/Proximity Caves | Attracted the attention of an 0b10 base 10441 | -4/Proximity Caves | Learned Extension security intel 10441 | -4/Proximity Caves | Learned Factory security intel 10441 | -4/Proximity Caves | Learned Research emergency access door positions 10441 | -4/Proximity Caves | Learned Extension trap positions 10441 | -4/Proximity Caves | Learned location of 2 exits from Lower Caves 10451 | -4/Proximity Caves | Discovered new exit (range 7) 10457 | -4/Proximity Caves | Destroyed 7 combat bots 10675 | -4/Proximity Caves | Entered Factory 10675 | -4/Factory | Evolved 2 slots: Propulsion x1, Utility x1 10676 | -4/Factory | Identified exit to Extension 10677 | -4/Factory | Identified exit to Research 10677 | -4/Factory | Identified exit to Upper Caves 10856 | -4/Factory | Found Quantum Capacitor 10910 | -4/Factory | Discovered exit to Upper Caves (range 7) 10941 | -4/Factory | Spotted B-86 Titan 10962 | -4/Factory | Discovered exit to Extension (range 6) 11164 | -4/Factory | Entered Extension 11165 | -4/Extension | Loaded intel: 24 trap records 11431 | -4/Extension | Spotted B-86 Titan 11436 | -4/Extension | Destroyed B-86 Titan 11444 | -4/Extension | Spotted B-86 Titan 11446 | -4/Extension | Destroyed B-86 Titan 11491 | -4/Extension | Rescued A7 11827 | -4/Extension | Build established: Commander-Construct 11856 | -4/Extension | Rescued a captive Derelict 11858 | -4/Extension | Rescued a captive Derelict 11914 | -4/Extension | First assault squad dispatched 11944 | -4/Extension | Rescued a captive Derelict 11944 | -4/Extension | Rescued a captive Derelict 12102 | -4/Extension | Rescued a captive Derelict 12102 | -4/Extension | Rescued a captive Derelict 12144 | -4/Extension | Discovered exit to Research (range 10) 12145 | -4/Extension | Discovered new exit (range 6) 12187 | -4/Extension | Disrupted transfer network 12209 | -4/Extension | Lost 3 allies 12217 | -4/Extension | Destroyed 13 combat bots 12235 | -4/Extension | Entered Cetus 12235 | -4/Cetus | Accompanied by 21 allies (A7) 12240 | -4/Cetus | Acquired a Cetus Manufacturing Module code from A7 12244 | -4/Cetus | Spotted Cetus Guard 12244 | -4/Cetus | Spotted Cetus Guard 12245 | -4/Cetus | Spotted Cetus Guard 12245 | -4/Cetus | Spotted Cetus Guard 12246 | -4/Cetus | Destroyed Cetus Guard 12258 | -4/Cetus | Allies destroyed Cetus Guard 12269 | -4/Cetus | Allies destroyed Cetus Guard 12278 | -4/Cetus | Allies destroyed Cetus Guard 12306 | -4/Cetus | Lost 5 allies 12433 | -4/Cetus | Started Cetus Manufacturing Module 12458 | -4/Cetus | Manufactured an Enhanced Grunt 12483 | -4/Cetus | Manufactured an Enhanced Grunt 12508 | -4/Cetus | Manufactured an Enhanced Grunt 12512 | -4/Cetus | Escorted A7 to Cetus Mainframe 12520 | -4/Cetus | Discovered new exit (range 21) 12533 | -4/Cetus | Manufactured an Enhanced Grunt 12542 | -4/Cetus | Spotted Cetus Guard 12542 | -4/Cetus | Spotted Cetus Guard 12545 | -4/Cetus | Spotted Cetus Guard 12548 | -4/Cetus | Destroyed Cetus Guard 12549 | -4/Cetus | Allies destroyed Cetus Guard 12549 | -4/Cetus | Spotted Cetus Guard 12550 | -4/Cetus | Destroyed Cetus Guard 12555 | -4/Cetus | Discovered exit to Research (range 21) 12558 | -4/Cetus | Manufactured an Enhanced Grunt 12564 | -4/Cetus | Allies destroyed Cetus Guard 12579 | -4/Cetus | Met Revision 17 12583 | -4/Cetus | Murdered Revision 17 12692 | -4/Cetus | Murdered A7 12693 | -4/Cetus | Extracted ID and sensor layout for unrecognized location from A7's data core 12820 | -4/Cetus | Entered Archives 12820 | -4/Archives | Accompanied by 17 allies 12884 | -4/Archives | Discovered new exit (range 22) 12969 | -4/Archives | Discovered exit to Research (range 20) 13127 | -4/Archives | Discovered new exit (range 22) 13611 | -4/Archives | Entered Hub_04(d) 13611 | -4/Hub_04(d) | Accompanied by 14 allies 13688 | -4/Hub_04(d) | Spotted B-86 Titan 13870 | -4/Hub_04(d) | Discovered exit to Research (range 21) 13991 | -4/Hub_04(d) | Discovered exit to Research (range 11) 14043 | -4/Hub_04(d) | Network Hub disabled 14058 | -4/Hub_04(d) | Spotted Lightning 14058 | -4/Hub_04(d) | Spotted Lightning 14064 | -4/Hub_04(d) | Spotted Lightning 14067 | -4/Hub_04(d) | Spotted Lightning 14068 | -4/Hub_04(d) | Spotted Lightning 14071 | -4/Hub_04(d) | Destroyed Lightning 14073 | -4/Hub_04(d) | Spotted Lightning 14073 | -4/Hub_04(d) | Destroyed Lightning 14073 | -4/Hub_04(d) | Destroyed Lightning 14080 | -4/Hub_04(d) | Destroyed Lightning 14080 | -4/Hub_04(d) | Destroyed Lightning 14083 | -4/Hub_04(d) | Destroyed Lightning 14095 | -4/Hub_04(d) | Lost 5 allies 14104 | -4/Hub_04(d) | Destroyed 11 combat bots 14111 | -4/Hub_04(d) | First assault squad dispatched 14270 | -4/Hub_04(d) | Network Hub disabled 14366 | -4/Hub_04(d) | Network Hub disabled 14380 | -4/Hub_04(d) | Discovered exit to Research (range 13) 14408 | -4/Hub_04(d) | Identified Vortex Catalyst Activator 14409 | -4/Hub_04(d) | High security lockdown imminent 14450 | -4/Hub_04(d) | Lost 3 parts (1n1u1w) 14463 | -4/Hub_04(d) | Destroyed 23 combat bots 14489 | -4/Hub_04(d) | High security lockdown engaged 14500 | -4/Hub_04(d) | Entered Research 14500 | -3/Research | Evolved 2 slots: Power x1, Utility x1 14501 | -3/Research | Identified exit to Quarantine 14502 | -3/Research | Identified exit to Research 14529 | -3/Research | Lost 3 parts (1p2w) 14747 | -3/Research | Found Prototype Processor 14748 | -3/Research | Identified Exp. Terrain Scan Processor 14794 | -3/Research | Build established: Mutant 14801 | -3/Research | Found Prototype Launcher 14802 | -3/Research | Identified Tesla Bomb Launcher 15034 | -3/Research | Spotted B-86 Titan 15091 | -3/Research | Lost 3 parts (1p1u1w) 15250 | -3/Research | First assault squad dispatched 15334 | -3/Research | Entered Quarantine 15400 | -3/Quarantine | Cryocooling Duct disabled 15415 | -3/Quarantine | Ambient heat levels rising (+20) 15415 | -3/Quarantine | Non-combat units ordered to evacuate 15569 | -3/Quarantine | Found Alien Slashing Weapon 15572 | -3/Quarantine | Identified Sigix Broadsword 15612 | -3/Quarantine | Found Alien Artifact 16059 | -3/Quarantine | Spotted Alpha 7 16267 | -3/Quarantine | Build established: Construct 16313 | -3/Quarantine | Found Alien Artifact 16430 | -3/Quarantine | Found Alien Energy Cannon 16472 | -3/Quarantine | Found Alien Artifact 16472 | -3/Quarantine | Identified Dimensional Node Initializer 16472 | -3/Quarantine | Initialized slip node 16475 | -3/Quarantine | Found Dimensional Node Initializer 16480 | -3/Quarantine | Found Alien Artifact 16484 | -3/Quarantine | Found Alien Artifact 16533 | -3/Quarantine | System corruption reached 10% 16558 | -3/Quarantine | Core integrity fell below 50% 16560 | -3/Quarantine | Identified Core Cannon 16579 | -3/Quarantine | Identified Transdimensional Reconstructor (x2) 16579 | -3/Quarantine | Warped through subspace to slip node 16584 | -3/Quarantine | First assault squad dispatched 16585 | -3/Quarantine | Found Transdimensional Reconstructor 16629 | -3/Quarantine | Entered Research 16629 | -2/Research | Warlord forces began assault on 0b10 16629 | -2/Research | Evolved 2 slots: Utility x2 16630 | -2/Research | Identified exit to Testing 16739 | -2/Research | Research machine network offline 16844 | -2/Research | Build established: Mutant 16961 | -2/Research | Spotted Striker 17193 | -2/Research | P-80 Master assimilated allied 48-Q64(g) 17240 | -2/Research | Met up with Warlord 17325 | -2/Research | Spotted Striker 17447 | -2/Research | Borebot progress halted 17472 | -2/Research | Discovered exit to Testing (range 14) 17635 | -2/Research | Spotted Executioner 17641 | -2/Research | Build established: Infiltrator-Construct 17678 | -2/Research | Spotted Striker 17686 | -2/Research | Borebot progress halted 17722 | -2/Research | Borebot progress halted 17795 | -2/Research | Spotted Striker 17812 | -2/Research | Rewired Striker 17881 | -2/Research | Lost 5 parts (2p1u2w) 18000 | -2/Research | Found Prototype Device 18000 | -2/Research | Identified Adv. Kinecellerator 18011 | -2/Research | Found Prototype Processor 18011 | -2/Research | Identified Exp. Core Analyzer 18014 | -2/Research | Found Prototype Processor 18014 | -2/Research | Identified Exp. Targeting Computer 18054 | -2/Research | P-80 Master assimilated allied NF-PYW(g) 18054 | -2/Research | Spotted Striker 18068 | -2/Research | Found Gamma Bomb Array 18074 | -2/Research | Spotted LI-JOL(D) 18088 | -2/Research | Lost 3 allies 18133 | -2/Research | Given Cave Seal Controls access code 18458 | -2/Research | Entered Testing 18563 | -2/Testing | Watched by a mysterious "MATRIX" hacker. 18579 | -2/Testing | Build established: Scavenger-Construct 18622 | -2/Testing | Found Prototype Energy Cannon 18622 | -2/Testing | Identified Hpw. Disruptor Cannon 18660 | -2/Testing | Found Prototype Device 18660 | -2/Testing | Identified AEGIS Remote Shield 18896 | -2/Testing | Scanned by Researcher 18960 | -2/Testing | Lost 5 allies 19010 | -2/Testing | Destroyed 7 combat bots 19011 | -2/Testing | Lost 4 parts (1p1u2w) 19260 | -2/Testing | Discovered new exit (range 14) 19495 | -2/Testing | Found Prototype Energy Cannon 19495 | -2/Testing | Identified Potential Cannon 19501 | -2/Testing | Destroyed 9 combat bots 19561 | -2/Testing | Found Prototype Processor 19561 | -2/Testing | Identified Spectral Analyzer 19614 | -2/Testing | System corruption reached 10% 19642 | -2/Testing | Build established: Construct 19645 | -2/Testing | Found Prototype Device 19645 | -2/Testing | Identified Exp. Thermal Shield 19723 | -2/Testing | Found Potential Cannon 19808 | -2/Testing | Found Prototype Device 19809 | -2/Testing | Identified Exp. Transmission Jammer 19832 | -2/Testing | Spotted Striker 19833 | -2/Testing | Spotted Striker 19879 | -2/Testing | Entered Access 19879 | -1/Access | Evolved 2 slots: Utility x2 20069 | -1/Access | Spotted B-99 Colossus 20095 | -1/Access | Destroyed B-99 Colossus 20129 | -1/Access | First assault squad dispatched 20294 | -1/Access | Destroyed 8 combat bots 20308 | -1/Access | Warped through subspace 20327 | -1/Access | Energy Cycler disabled 20490 | -1/Access | Destroyed 9 combat bots 20578 | -1/Access | High security lockdown imminent 20605 | -1/Access | Destroyed 11 combat bots 20634 | -1/Access | Lost 8 parts (1p1n4u2w) 20658 | -1/Access | High security lockdown engaged 20702 | -1/Access | System corruption reached 10% 20754 | -1/Access | Lost 3 parts (1p1n1u) 20765 | -1/Access | Core integrity fell below 50% 20794 | -1/Access | Discovered new exit (range 6) 20796 | -1/Access | Identified exit to Surface 20796 | -1/Access | Identified Core Reset Matrix 20796 | -1/Access | Identified Subatomic Replicator 20796 | -1/Access | Used Core Reset Matrix 20797 | *** | Heading to fleet! Last Messages --------------- 20784_ Flying FPA-QT Exoskeleton core remains intact and functional. 20788_ Slug penetrates Terminal. 20791_ Slug penetrates Wall. 20791_ Slug penetrates Terminal. 20791_ Penetrated by Slug. 20794_ Terminal collapses. 20794_ Terminal disabled. 20794_ System corrupted: Matter fused (-9). 20794_ The Access Shell folds into the floor. 20794_ EXIT=FOUND 20795_ Slug penetrates Reinforced Barrier. 20795_ Slug penetrates Terminal. 20795_ Penetrated by Slug. 20795_ Slug penetrates Sealed Heavy Doors. 20795_ Exp. Targeting Computer destroyed. 20796_ EXIT=IDENTIFIED: SURFACE 20796_ Identified Core Reset Matrix. 20796_ Wiping memory... 20797_ CORE RESET Map ----- +----------------------------------------------------+ | ?????????????????????????????????????????????????? | | ?????????????????????????????????????????????????? | | ?????????????????????????????????????????????????? | | ?????????????????????????????????????????????????? | | ?????????????????????????????????????????????????? | | ?????????????????????????????????????????????????? | | ?????????????????????????????????????????????????? | | ?????????????????????????????????????????????????? | | ?????????????????????????????????????????????????? | | ?????????????????????????????????????????????????? | | ?????????????????????????????????????????????????? | | ?????????????????????????????????????????????????? | | ?????????????????????????????????????????????????? | | ?????????????????????????????????????????????????? | | ?????????????????????????????????????????????????? | | ?????????????????????????????????????????????????? | | ?????????????????????????????????????????????????? | | ?????????????????????????????????????????????????? | | ?????????????????????????????????????????????????? | | ?????????????????????????????????????????????????? | | ???????????????????#""""""""""#??????????????????? | | ???????????????????# #??????????????????? | | ???????????????????# #??????????????????? | | ???????????????????# #??????????????????? | | ???????????????????# "" #??????????????????? | | ???????????????????# "@ #??????????????????? | | ???????????????????# #??????????????????? | | ???????????????????# #??????????????????? | | ???????????????????# #??????????????????? | | ???????????????????# #??????????????????? | | ??????????????????# #?????????????????? | | ??????????????????##"" ##?????????????????? | | ???????????????????#"" #??????????????????? | | ???????????????????#"" #??????????????????? | | ???????????????????#T #??????????????????? | | ???????????????????#"" #??????????????????? | | ???????????????????#"" #??????????????????? | | ???????????????????# " h #??????????????????? | | ??????????????????? nh ??????????????????? | | ??????????????????? ??????????????????? | | ??????????????????##############?????????????????? | | ?????????????????????????????????????????????????? | | ?????????????????????????????????????????????????? | | ?????????????????????????????????????????????????? | | ?????????????????????????????????????????????????? | | ?????????????????????????????????????????????????? | | ?????????????????????????????????????????????????? | | ?????????????????????????????????????????????????? | | ?????????????????????????????????????????????????? | | ?????????????????????????????????????????????????? | +----------------------------------------------------+ Best States ------------- Heat Dissipation 94 Coolant Potential 120 Energy Generation 91 Energy Capacity 2028 Matter Stores 300 Matter Capacity 300 Sight Range 24 Robot Scan Range 16 Terrain Scan Density 1010 Jamming Range 22 Cloak Strength 4 Power Amplification 40 Corruption Block 20 Armor Coverage 300 Resistance: TH 25 Point Defense Rating 240 Weapon Cycling 20 Evasion (%) 77 Targeting Accuracy 12 Target Analysis 10 Core Analysis 8 Recoil Reduction 6 Particle Charging 20 Kinecelleration 50 Offensive Hacking 26 Authchip Count 4 Item Schematics ----------------- None Robot Schematics ------------------ None Fabricated ------------ Nothing Repaired ---------- Nothing Studied --------- None Alien Tech Used ----------------- Sigix Broadsword Dimensional Node Initializer Core Cannon Transdimensional Reconstructor Core Reset Matrix Achievements -------------- None Challenges ------------ None Game ------ Seed AbsorptionSwarmRifle Manual? 0 Play Time 03:15:03 Cumulative 823.5 hours Start 2026.04.29 @ 05:01:30 End 2026.04.29 @ 10:19:08 Sessions 7 Manual Loads 0 Difficulty Rogue Special Mode None Game No. 990 Rogue 990 Adventurer 0 Explorer 0 Win Type 2 Total 33 Types 16/1/6/3/2/0/2/2/1/0 Lore% 97 Gallery% 96 Achievement% 88 Wizard Run 0 Options --------- Layout 2 ASCII 0 Keyboard 0 Movement Mouse Keybinds 0 Fullscreen 2 Font 24/Tamsyn Map View 50x49 Zoom Use 0% Tactical HUD 1 Map Filters NONE Filters NONE Steam 1 RUN: a2203877-726d-472e-b335-2f2d4c0b57c0